 Dungeon Crawl Stone Soup version 0.29.1-13-g9f3cf754e1 (webtiles) character file.

Game seed: 15881467995712069581

182 Priul the Grave Robber (level 5, -11/28 HPs)
             Began as a Deep Elf Necromancer on Feb 8, 2023.
             Mangled by a hornet (12 damage)
             ... on level 4 of the Dungeon.
             The game lasted 00:14:44 (3371 turns).

Priul the Grave Robber (Deep Elf Necromancer)       Turns: 3371, Time: 00:14:46

Health: -11/28     AC:  3    Str:  5    XL:     5   Next: 35%
Magic:  4/15       EV: 12    Int: 22    God:
Gold:   161        SH:  0    Dex: 15    Spells: 7/15 levels left

rFire   . . .      SeeInvis .   (no weapon)
rCold   . . .      Faith    .   (no shield)
rNeg    . . .      Spirit   .   a - +0 robe
rPois   .          Reflect  .   (no helmet)
rElec   .          Harm     .   (no cloak)
rCorr   .          Rampage  .   (no gloves)
Will    .....                   q - +0 pair of boots
Stlth   ++........              (no amulet)
HPRegen 0.09/turn               (no ring)
MPRegen 0.14/turn               (no ring)

@: lethally poisoned (-11 -> -26), very slightly contaminated, slowed, very slow
A: no striking features
a: no special abilities


You were on level 4 of the Dungeon.
You visited 1 branch of the dungeon, and saw 4 of its levels.

You collected 161 gold pieces.

Inventory:

Missiles
 k - 7 poisoned darts (quivered)
 r - 4 atropa-tipped darts
Armour
 a - a +0 robe (worn)
 q - a +0 pair of boots (worn)
Magical Staves
 c - a staff of earth
Scrolls
 d - a scroll of fog {unknown}
 e - 2 scrolls of amnesia
 f - a scroll of teleportation
 g - 2 scrolls of enchant weapon {unknown}
 j - a scroll of magic mapping {unknown}
 m - a scroll of blinking {unknown}
 o - a scroll of identify
Potions
 b - a potion of magic
 h - 3 potions of degeneration {unknown}
 i - a potion of haste {unknown}
 l - 3 potions of flight {unknown}
 n - 2 potions of curing {unknown}
 p - a potion of might {unknown}


   Skills:
 + Level 0.1 Fighting
 + Level 2.5 Dodging
 + Level 2.8 Stealth
 + Level 5.5 Spellcasting
 + Level 6.5 Necromancy


You had 7 spell levels left.
You knew the following spells:

 Your Spells              Type           Power      Damage    Failure   Level
a - Necrotise             Necr           100%       1d9       1%          1
b - Vampiric Draining     Necr           35%        2d8       1%          3
c - Animate Dead          Necr           35%        N/A       6%          4

Your spell library contained the following spells:

 Spells                   Type           Power      Damage    Failure   Level
 Dispel Undead            Necr           35%        3d15      6%          4
 Blink                    Tloc           12%        N/A       14%         2
 Static Discharge         Conj/Air       6%         3-4/arc   14%         2
 Agony                    Necr           35%        N/A       19%         5
 Lesser Beckoning         Tloc           6%         N/A       28%         3
 Sticky Flame             Conj/Fire      6%         2d3       67%         4
 Summon Ice Beast         Ice/Summ       6%         N/A       67%         4
 Manifold Assault         Tloc           6%         N/A       95%         5
 Summon Mana Viper        Hex/Summ       6%         N/A       95%         5
 Monstrous Menagerie      Summ           3%         N/A       100%        7


Dungeon Overview and Level Annotations

Branches:
Dungeon (4/15)
 Temple: D:4-7

Altars:
Vehumet
Zin


Message History

Nothing appears to happen.
Casting: Necrotise (safe; 1% risk of failure)
Confirm with . or Enter, or press ? or * to list all spells.
Aiming: Necrotise (safe; 1% risk of failure)
Press: ? - help, Shift-Dir - straight line, f/p - hornet
Aim: a hornet (moderately wounded, chance to affect: 77%)
The hornet writhes in agony.
The hornet barely misses you. The hornet stings you.
You feel yourself slow down.
Casting: Necrotise (safe; 1% risk of failure)
Confirm with . or Enter, or press ? or * to list all spells.
Aiming: Necrotise (safe; 1% risk of failure)
Press: ? - help, Shift-Dir - straight line, f/p - hornet
Aim: a hornet (moderately wounded, chance to affect: 77%)
The hornet barely resists.
The hornet stings you.
You are poisoned.
You feel as though you will be slow longer.
The hornet stings you.
You feel as though you will be slow longer.
Casting: Necrotise (safe; 1% risk of failure)
Confirm with . or Enter, or press ? or * to list all spells.
Aiming: Vampiric Draining (safe; 1% risk of failure)
Press: ? - help, Shift-Dir - straight line, f/p - hornet
Aim: a hornet (moderately wounded)
You draw life force from the hornet.
You feel life coursing into your body.
You feel very sick. The hornet stings you!
* * * LOW HITPOINT WARNING * * *
You are more poisoned.
You feel as though you will be slow longer.
The hornet stings you but does no damage.
Casting: Vampiric Draining (safe; 1% risk of failure)
Confirm with . or Enter, or press ? or * to list all spells.
Aiming: Vampiric Draining (safe; 1% risk of failure)
Press: ? - help, Shift-Dir - straight line, f/p - hornet
Aim: a hornet (heavily wounded)
You draw life force from the hornet!
You feel life coursing into your body.
* * * LOW HITPOINT WARNING * * *
You feel very sick. The hornet stings you!
You die...

.# ### #.# #
.###.#########.#
#.###.##...........#
...#............#.#
##..#####........#
####...#####.###.#..#
#....#.......# #># .#
#.##†..####### #.# #
#.###..# #@# # #.#
##.# #y# .# #.# #.###
####.#..# #.#
##...####.$.....# #.#
#......####=.##.#
#.###.#......##### #
#.....#.#...
##.......#..
#..#..#.....


You could see a hornet.

Vanquished Creatures
  2 iguanas (D:4)
  5 adders
  2 worms
  3 dart slugs
  3 orcs
  3 ball pythons
  3 bats
  5 endoplasms
  4 giant cockroaches
  4 goblins
  6 hobgoblins
  7 jackals
  A kobold (D:3)
  4 quokkas
  2 frilled lizards
  4 rats
58 creatures vanquished.

Vanquished Creatures (collateral kills)
  2 orcs (D:3)
  An endoplasm (D:3)
  A goblin (D:2)
  A jackal (D:3)
  A rat (D:3)
6 creatures vanquished.

Vanquished Creatures (others)
  A worm zombie (D:4)
  An adder zombie (D:4)
  An endoplasm zombie (D:3)
  A goblin zombie (D:4)
  2 jackal zombies (D:3)
  A quokka zombie (D:3)
7 creatures vanquished.

Grand Total: 71 creatures vanquished

Notes
Turn   | Place    | Note
-------+----------+-------------------------------------------
     0 | D:1      | Priul the Deep Elf Necromancer began the quest for the Orb.
     0 | D:1      | Reached XP level 1. HP: 10/10 MP: 6/6
   162 | D:1      | Reached skill level 5 in Necromancy
   204 | D:1      | Found a faded altar of an unknown god.
   327 | D:1      | Reached XP level 2. HP: 15/15 MP: 6/8
  1128 | D:2      | Reached XP level 3. HP: 19/19 MP: 3/10
  1132 | D:2      | Learned a level 3 spell: Vampiric Draining
  1628 | D:2      | Reached skill level 6 in Necromancy
  1715 | D:2      | Reached XP level 4. HP: 24/24 MP: 10/12
  1922 | D:3      | Learned a level 4 spell: Animate Dead
  2074 | D:3      | Found a radiant altar of Vehumet.
  2074 | D:3      | Found a glowing silver altar of Zin.
  2915 | D:4      | Reached skill level 5 in Spellcasting
  3265 | D:4      | Reached XP level 5. HP: 20/28 MP: 3/14
  3360 | D:4      | Noticed a hornet
  3371 | D:4      | HP: 1/28 [poisoned by a hornet]
  3371 | D:4      | Mangled by a hornet

Illustrated notes

Levels and vault maps discovered:
D:1:      dreamdust_arrival_beginning_and_end, layout_loops_ring,
          shapermc_ecumenical_altar_mp_ritualfount
D:2:      layout_basic
D:3:      layout_loops_ring, mainiacjoe_overflow_divided_tiny
D:4:      minmay_skewed_foursquare, layout_loops_ring,
          riverfiend_overflow_shadow_ancestor, nicolae_overflow_two_pavilions

Skill      XL: |  1  2  3  4 |
---------------+-------------+-----
Necromancy     | 5 6 |  6.5
Spellcasting   | 4 5 |  5.5
Fighting       | |  0.1
Dodging        | |  2.5
Stealth        | |  2.8

Action                   |  1- 3 |  4- 6 || total
-------------------------+-------+-------++-------
 Cast: Necrotise         |    59 |    53 ||   112
       Animate Dead      |       |     3 ||     3
       Vampiric Draining |       |     4 ||     4
  Use: Scroll            |       |     3 ||     3
Armor: Robe              |     3 |     8 ||    11
Dodge: Dodged            |     6 |    16 ||    22
